 Dungeon Crawl Stone Soup version 0.20.1-1-g8b1a95d (webtiles) character file.

262568 Peloso the Peltast (level 19, -2/167 HPs)
             Began as a Deep Dwarf Fighter on Sept 24, 2017.
             Was the Champion of Okawaru.
             Slain by Polyphemus (3 damage)
             ... on level 2 of the Shoals.
             The game lasted 03:04:40 (37501 turns).

Peloso the Peltast (Deep Dwarf Fighter)            Turns: 37501, Time: 03:04:40

Health: -2/167     AC: 36    Str: 29    XL:     19   Next: 61%
Magic:  0/0        EV:  2    Int: 16    God:    Okawaru [******]
Gold:   2095       SH:  0    Dex: 17    Spells: 18/18 levels left

rFire    + + +     SeeInvis .   x - +8 demon blade "Leech" {vamp, rN+ AC-3 EV-3}
rCold    + + .     Gourm    +   j - +0 buckler {AC+3}
rNeg     + + +     Faith    .   k - +8 orange crystal plate armour {Archmagi, Int+3 Clar}
rPois    ∞         Spirit   .   s - +0 hat {MR+}
rElec    .         Reflect  .   z - scarf {rC+ rF+}
rCorr    .         Harm     .   X - +0 pair of gloves (curse)
MR       ++...     Clarity  +   C - +0 pair of boots
Stlth    ..........             o - amulet "Migesen" {Gourm rF+ MP-9 Int+4 Dex+5}
Regen    0.0/turn               l - ring "Hoxi" {rPois rF+ rC+ MR- Dex+2}
MPRegen  0.1/turn               G - +3 ring of strength

@: petrified, non-regenerating, very slow
A: damage resistance, heal wounds, clumsy 1, dopey 1, frail 1, negative energy
resistance 1, sense surroundings 3, no regeneration
}: 1/15 runes: serpentine
a: Heal Wounds, Heroism, Finesse, Renounce Religion


You were on level 2 of the Shoals.
You worshipped Okawaru.
Okawaru was exalted by your worship.
You were very full.

You visited 7 branches of the dungeon, and saw 33 of its levels.
You also visited: Labyrinth, Trove and Ice Cave.

You collected 4121 gold pieces.
You spent 2026 gold pieces at shops.

Inventory:

Hand Weapons
 x - the +8 demon blade "Leech" (weapon) {vamp, rN+ AC-3 EV-3}
   (You found it on level 6 of the Lair of Beasts)

   It inflicts no extra harm, but heals its wielder when it wounds a living foe.
   It affects your AC (-3).
   It affects your evasion (-3).
   It protects you from negative energy.
 B - the +9 mace of the Three Ghosts {elec, Str+3 Int-4 Dex+4 SInv}
   (You found it on level 4 of the Dungeon)

   Occasionally, upon striking a foe, it will discharge some electrical energy
   and cause terrible harm.
   It affects your strength (+3).
   It affects your intelligence (-4).
   It affects your dexterity (+4).
   It lets you see invisible.
 D - the +7 long sword "Cuits" {flame, rC+}
   (You found it on level 6 of the Dungeon)

   It has been specially enchanted to burn those struck by it, causing extra
   injury to most foes and up to half again as much damage against particularly
   susceptible opponents.
   Big, fiery blades are also staple armaments of hydra-hunters.
   It protects you from cold.
Armour
 a - a +1 cloak
 j - a +0 buckler of protection (worn)
 k - the +8 orange crystal plate armour (worn) {Archmagi, Int+3 Clar}
   (You acquired it on level 2 of the Orcish Mines)

   It affects your intelligence (+3).
   It protects you against confusion.
 s - a +0 hat of magic resistance (worn)
 v - a +2 large shield
 z - a scarf of resistance (worn)
 C - a +0 pair of boots (worn)
 X - a cursed +0 pair of gloves (worn)
Jewellery
 l - the ring "Hoxi" (left hand) {rPois rF+ rC+ MR- Dex+2}
   (You took it off a deep elf archer on level 3 of the Elven Halls)

   [ring of dexterity]

   It affects your dexterity (+2).
   It protects you from fire.
   It protects you from cold.
   It protects you from poison.
   It affects your resistance to hostile enchantments.
 o - the amulet "Migesen" (around neck) {Gourm rF+ MP-9 Int+4 Dex+5}
   (You bought it in a shop on level 1 of the Elven Halls)

   [amulet of the gourmand]

   It allows you to eat raw meat even when not hungry.
   It affects your intelligence (+4).
   It affects your dexterity (+5).
   It protects you from fire.
   It affects your magic capacity (-9).
 G - a +3 ring of strength (right hand)
 N - an uncursed ring of positive energy
Wands
 e - a wand of disintegration (10/24)
 M - a wand of digging (3/24)
Scrolls
 b - 3 scrolls of recharging
 c - 5 scrolls of blinking
 g - 10 scrolls of remove curse
 i - 3 scrolls of silence
 p - 3 scrolls of magic mapping
 u - 6 scrolls of identify
 I - 5 scrolls of fear
 R - 14 scrolls of teleportation
 S - 2 scrolls of summoning
Potions
 d - 4 potions of might
 h - 2 potions of invisibility
 m - 3 potions of haste
 n - 9 potions of curing
 q - a potion of ambrosia
 A - 3 potions of berserk rage
 E - 6 potions of agility
 H - 2 potions of resistance
 Q - 2 potions of flight
 T - a potion of heal wounds
Comestibles
 f - 24 bread rations
 F - 8 fruits
 J - 12 meat rations
 K - 9 royal jellies


   Skills:
 + Level 15.3 Fighting
 + Level 17.3 Long Blades
 + Level 12.1 Maces & Flails
 + Level 17.2 Armour
 + Level 4.6 Dodging
 + Level 3.0 Stealth
 + Level 18.1 Shields
 + Level 4.0 Invocations
 + Level 3.8 Evocations


You had 18 spell levels left.
You didn't know any spells.

Dungeon Overview and Level Annotations

Branches:
Dungeon (15/15)            Temple (1/1) D:5            Lair (6/6) D:11
 Shoals (2/4) Lair:4        Snake (4/4) Lair:4        Slime (0/5) Lair:5
    Orc (2/2) D:11            Elf (3/3) Orc:2        Vaults (0/5) D:13
 Depths (0/5) D:15

Altars:
Ashenzari
Cheibriados
Dithmenos
Elyvilon
Fedhas
Gozag
Hepliaklqana
Kikubaaqudgha
Makhleb
Nemelex Xobeh
Okawaru
Qazlal
Ru
Sif Muna
Trog
Uskayaw
Vehumet
Xom
Yredelemnul
Zin
The Shining One
Beogh
Jiyva

Shops:
D:5 !   D:8 ![   D:13 (   D:14 }   Orc:2 [?}%   Elf:1 =}=   Elf:2 :
Shoals:1 *

Portals:
Pandemonium: Orc:2

Annotations:
Lair:2 exclusion: 4 oklob plants
Shoals:2 Polyphemus
Elf:2 2 runed doors


Innate Abilities, Weirdness & Mutations

You are resistant to damage.
You can heal yourself by infusing magical energy.
You resist negative energy. (rN+)
You passively map a large area around you.
You do not regenerate.
You are clumsy. (Dex -2)
You are dopey. (Int -2)
You are frail. (-10% HP)


Message History

You have turned to stone.
Found a stone staircase leading up.
Polyphemus throws a large rock.
The large rock hits you!!
* * * LOW HITPOINT WARNING * * *
You hear a splash.
Polyphemus throws a large rock.
The large rock hits you!
* * * LOW HITPOINT WARNING * * *
You hear a splash.
Polyphemus throws a large rock.
The large rock hits you.
You hear a splash.
Polyphemus throws a large rock.
The large rock hits you!!
* * * LOW HITPOINT WARNING * * *
You hear a splash.
Polyphemus throws a large rock.
The large rock hits you!!
* * * LOW HITPOINT WARNING * * *
You hear a splash.
All of the chunks of flesh in your inventory have rotted away.
Polyphemus hits you.
Polyphemus hits you but does no damage. x4
Polyphemus hits you!
You die...

≈≈......#####.≈≈≈≈≈≈.≈
≈≈≈ ≈≈
≈≈≈≈.....##...≈≈≈≈≈.≈≈ ≈
≈ ....≈.........≈≈......
, ≈≈ ≈
≈.P.........≈.≈≈......
,, ≈ ≈≈
P≈≈..≈..≈≈≈≈≈≈....## ≈
≈≈ ≈≈≈.≈.≈≈≈≈≈≈≈≈..### ,
≈ ≈≈≈≈≈≈≈.≈≈≈≈≈≈..## ,<
,, ≈
≈≈≈≈≈≈≈.≈≈≈≈≈≈...##....
≈ ≈
≈≈≈≈≈≈≈≈≈≈≈≈≈≈@C......≈
≈ ≈
≈≈≈≈≈≈≈≈≈≈≈≈≈≈≈≈≈≈.≈≈≈≈≈
≈ ≈
≈≈≈≈≈≈≈≈≈≈≈≈≈≈≈≈≈≈≈≈≈ ≈≈
≈ ≈
≈≈≈≈≈≈≈≈≈≈≈≈≈≈≈≈≈≈≈≈≈≈ ≈
≈ ≈≈≈ ≈≈≈≈≈≈≈≈≈≈≈≈≈≈≈≈≈
≈ ≈ ≈≈≈≈≈≈≈≈≈≈≈≈≈≈≈≈≈ ≈≈
≈≈ ≈ ≈≈≈≈≈≈≈≈≈≈≈≈≈≈≈≈ ≈
≈ ≈ ≈≈≈≈≈≈≈≈≈≈≈≈≈≈≈ ≈ ≈
≈ ≈ ≈ ≈ ≈≈


You could see Polyphemus.

Vanquished Creatures
  Asterion (Elf:3)
  A deep elf blademaster (Elf:2)
  Gastronok (Lair:2)
  Kirke (Shoals:1)
  7 nagarajas (Snake:4)
  8 deep elf sorcerers
  A frost giant (D:15)
  A deep elf elementalist (Elf:3)
  2 orc warlords
  A very ugly thing (D:13)
  4 deep elf demonologists (Elf:3)
  8 deep elf annihilators
  A merfolk javelineer (Shoals:2)
  Josephine (Lair:5)
  A minotaur (Lab)
  Erolcha (Orc:1)
  4 deep elf death magi (Elf:3)
  6 deep elf high priests
  17 naga warriors
  Harold (Lair:1)
  5 vault guards (D:13)
  9 hydras
  A merfolk avatar (Shoals:1)
  4 catoblepae
  7 centaur warriors
  The ghost of letownia the Martial Artist, a journeyman OpTm of Gozag (D:11)
  2 ogre magi
  14 anacondas
  37 dancing weapons
  A death knight (D:15)
  7 two-headed ogres
  2 tengu warriors
  Urug (Lair:2)
  10 naga sharpshooters
  11 death yaks
  3 orc high priests
  4 shock serpents
  19 deep elf knights
  A soul eater (Orc:2)
  The ghost of Azo the Ruffian, a novice NaTm of Ru (D:6)
  2 small abominations (Elf:3)
  3 salamander mystics
  A sea snake (Shoals:2)
  16 deep elf archers
  2 torturous demonspawn (Orc:2)
  An infernal demonspawn (Orc:2)
  3 unseen horrors
  14 naga ritualists
  13 orc knights
  2 necromancers
  57 deep elf magi
  11 orc sorcerers (Orc:2)
  4 ugly things
  9 mana vipers
  Maurice (D:8)
  12 salamanders
  8 manticores
  A cyclops (D:11)
  A black mamba (shapeshifter) (D:15)
  4 fauns (Shoals:1)
  9 elephants
  22 black mambas
  4 merfolk sirens
  A guardian serpent (Snake:3)
  2 ice statues (IceCv)
  2 water nymphs (Shoals:1)
  A rust devil (Orc:2)
  25 naga magi
  6 orange demons
  5 centaur skeletons
  14 spiny frogs
  3 gargoyles
  A kobold demonologist (D:15)
  An efreet (D:15)
  7 komodo dragons
  2 rime drakes (Lair:4)
  11 ice devils
  A yaktaur (D:15)
  2 freezing wraiths (D:15)
  3 tengu conjurers
  A hellwing (Orc:2)
  2 guardian mummies (D:10)
  6 trolls
  3 merfolk
  A polar bear (Lair:6)
  A meliai (D:13)
  25 blink frogs
  10 hippogriffs
  A wind drake (Shoals:1)
  7 dream sheep
  A raiju (shapeshifter) (Elf:2)
  8 slime creatures
  A meliai zombie (D:12)
  8 snapping turtles
  7 wraiths
  6 air elementals
  6 water elementals
  2 wyverns
  2 shadows
  42 yaks
  2 hogs (Shoals:1)
  5 fire elementals
  The ghost of Stafi the Chopper, an amateur HOFi of Elyvilon (D:4)
  5 basilisks
  3 hungry ghosts
  3 vampire mosquitoes (D:15)
  A neqoxec (Orc:2)
  4 wargs
  A soldier ant (D:15)
  46 nagas
  An acid dragon (D:15)
  11 porcupines
  6 water moccasins
  An eye of draining (D:15)
  41 orc warriors
  Duvessa (D:5)
  2 black bears
  8 ice beasts (Lair:5)
  2 necrophages
  12 wolves
  2 phantoms
  10 centaurs
  9 ogres
  9 crocodiles
  3 boggarts (D:14)
  4 big kobolds
  6 bullfrogs
  4 earth elementals
  A water moccasin zombie (D:5)
  9 scorpions
  Dowan (D:5)
  3 killer bees (D:12)
  5 wights (D:11)
  6 howler monkeys
  4 electric eels
  8 crimson imps
  2 draconian simulacra (IceCv)
  A bullfrog zombie (D:11)
  3 centaur zombies
  A lava snake (Snake:4)
  4 bullfrog skeletons
  24 orc wizards
  9 hounds
  3 iron imps (D:8)
  2 jellies
  28 orc priests
  Jessica (D:2)
  Natasha (twice) (D:3)
  4 iguanas
  8 worker ants
  3 troll simulacra (IceCv)
  6 polar bear simulacra (Lair:5)
  2 yak simulacra (Lair:5)
  3 wolf simulacra (Lair:5)
  A bullfrog simulacrum (D:13)
  2 centaur simulacra (IceCv)
  A howler monkey skeleton (D:4)
  15 adders
  8 gnolls
  2 naga simulacra (IceCv)
  An ogre simulacrum (IceCv)
  A shadow imp (D:7)
  An adder zombie (D:9)
  A worm (D:5)
  3 dart slugs
  5 leopard geckos
  86 orcs
  4 ball pythons
  7 bats
  8 giant cockroaches
  37 goblins
  29 hobgoblins
  8 jackals
  27 kobolds
  5 quokkas
  2 frilled lizards (D:2)
  2 jackal skeletons
  A leopard gecko zombie (D:5)
  A quokka skeleton (D:4)
  A quokka zombie (D:6)
  6 rats
  2 crawling corpses (Elf:3)
  3 fungi
  2 plants
1253 creatures vanquished.

Vanquished Creatures (others)
  A deep elf knight (Elf:2)
  2 humans (Shoals:1)
  An orc (Orc:2)
  6 fungi
  5 plants
15 creatures vanquished.

Grand Total: 1268 creatures vanquished

Notes
Turn   | Place    | Note
-------+----------+-------------------------------------------
     0 | D:1      | Peloso the Deep Dwarf Fighter began the quest for the Orb.
     0 | D:1      | Reached XP level 1. HP: 20/20 MP: 1/1
   331 | D:1      | Reached XP level 2. HP: 27/27 MP: 2/2
   597 | D:2      | Reached XP level 3. HP: 31/33 MP: 3/3
   641 | D:2      | Reached skill level 4 in Shields
   926 | D:2      | Reached XP level 4. HP: 31/42 MP: 4/4
   956 | D:2      | Reached skill level 1 in Dodging
  1426 | D:2      | Noticed Jessica
  1445 | D:2      | Killed Jessica
  1778 | D:3      | Noticed Natasha
  1786 | D:3      | Killed Natasha
  1786 | D:3      | Reached XP level 5. HP: 20/49 MP: 5/5
  1891 | D:3      | Found a faded altar of an unknown god.
  2025 | D:3      | Noticed Natasha
  2038 | D:3      | Killed Natasha
  2518 | D:4      | Got an encrusted mace
  2519 | D:4      | Noticed Stafi's ghost (amateur HOFi)
  2524 | D:4      | Noticed an ogre
  2569 | D:3      | Identified the +9 mace of the Three Ghosts {elec, Str+3 Int-4 Dex+4 SInv} (You found it on level 4 of the Dungeon)
  2579 | D:4      | Killed Stafi's ghost
  2579 | D:4      | Reached skill level 5 in Shields
  2579 | D:4      | Reached XP level 6. HP: 24/56 MP: 6/6
  3251 | D:4      | Reached XP level 7. HP: 45/62 MP: 7/7
  3520 | D:5      | Entered Level 5 of the Dungeon
  3635 | D:5      | Reached skill level 1 in Maces & Flails
  3635 | D:5      | Reached skill level 1 in Stealth
  3635 | D:5      | Reached skill level 6 in Shields
  3726 | D:5      | Noticed Dowan
  3732 | D:5      | Killed Dowan
  3732 | D:5      | Reached skill level 5 in Armour
  3735 | D:5      | Noticed Duvessa
  3740 | D:5      | Killed Duvessa
  3942 | D:5      | Found a sacrificial altar of Ru.
  4129 | D:5      | Found a staircase to the Ecumenical Temple.
  4138 | Temple   | Entered the Ecumenical Temple
  4339 | D:5      | Found Apext's Distillery.
  4342 | D:5      | Bought a potion of curing for 30 gold pieces
  4364 | D:5      | Identified a scroll of acquirement
  4532 | D:5      | Reached XP level 8. HP: 38/72 MP: 8/8
  4765 | D:6      | Noticed an angel
  4766 | D:6      | Found a glowing silver altar of Zin.
  4865 | D:6      | Reached skill level 7 in Shields
  5116 | D:6      | Noticed Azo's ghost (novice NaTm)
  5157 | D:6      | Killed Azo's ghost
  5157 | D:6      | Reached skill level 5 in Maces & Flails
  5157 | D:6      | Gained mutation: You passively map the area around you. [Deep Dwarf growth]
  5157 | D:6      | Reached XP level 9. HP: 31/79 MP: 7/7
  5745 | D:6      | Got a warped long sword
  5746 | D:6      | Identified the +7 long sword "Cuits" {flame, rC+} (You found it on level 6 of the Dungeon)
  6127 | D:7      | Found a blossoming altar of Fedhas.
  6322 | D:7      | Reached skill level 5 in Long Blades
  6443 | D:7      | Found a shadowy altar of Dithmenos.
  6443 | D:7      | Found a radiant altar of Vehumet.
  6443 | D:7      | Found an iron altar of Okawaru.
  6457 | D:7      | Became a worshipper of Warmaster Okawaru
  6541 | D:7      | Reached skill level 8 in Shields
  6836 | D:8      | Found Ceecloi's Distillery.
  6839 | D:8      | Bought a potion of heal wounds for 70 gold pieces
  6996 | D:8      | Reached skill level 5 in Fighting
  7246 | D:8      | Found Peacimes's Armour Emporium.
  7263 | D:8      | Found a white marble altar of Elyvilon.
  7418 | D:8      | Found a hazy altar of Hepliaklqana.
  7481 | D:8      | Found a burning altar of Makhleb.
  7481 | D:8      | Noticed Maurice
  7508 | D:8      | Killed Maurice
  7508 | D:8      | Reached * piety under Okawaru
  7614 | D:9      | Reached XP level 10. HP: 39/88 MP: 7/7
  7640 | D:9      | Reached ** piety under Okawaru
  7922 | D:9      | Noticed a two-headed ogre
  7931 | D:9      | Killed a two-headed ogre
  7931 | D:9      | Reached skill level 9 in Shields
  8203 | D:10     | Entered Level 10 of the Dungeon
  8264 | D:10     | Found a portal to a secret trove of treasure.
  8350 | D:10     | Noticed an unseen horror
  8365 | D:10     | Killed an unseen horror
  8365 | D:10     | Reached *** piety under Okawaru
  9104 | D:11     | Noticed a death yak
  9107 | D:11     | Noticed a death yak
  9115 | D:10     | Reached skill level 10 in Shields
  9129 | D:11     | Noticed a death yak
  9144 | D:10     | Killed a death yak
  9144 | D:10     | Reached **** piety under Okawaru
  9144 | D:10     | Reached XP level 11. HP: 22/97 MP: 8/8
  9266 | D:11     | Noticed letownia's ghost (journeyman OpTm)
  9275 | D:10     | Killed a death yak
  9293 | D:10     | Killed a death yak
  9321 | D:11     | Killed letownia's ghost
  9321 | D:11     | Reached skill level 1 in Invocations
  9332 | D:11     | Reached ***** piety under Okawaru
  9332 | D:11     | Received a gift from Okawaru
  9352 | D:11     | Found a staircase to the Lair.
  9870 | D:11     | Found a staircase to the Orcish Mines.
 10074 | Lair:1   | Entered Level 1 of the Lair of Beasts
 10129 | Lair:1   | Reached skill level 11 in Shields
 10150 | Lair:1   | Found a labyrinth entrance.
 10159 | Lab      | Entered a labyrinth
 10324 | Lab      | Noticed a minotaur
 10338 | Lab      | Killed a minotaur
 10497 | Lair:1   | Noticed Harold
 10504 | Lair:1   | Killed Harold
 10504 | Lair:1   | Reached skill level 1 in Evocations
 10670 | Lair:1   | Reached XP level 12. HP: 12/106 MP: 9/9
 11692 | Lair:2   | Noticed a seven-headed hydra
 11843 | Lair:2   | Killed a two-headed hydra
 11901 | Lair:2   | Noticed Urug
 11924 | Lair:2   | Killed Urug
 12145 | Lair:2   | Noticed Gastronok
 12165 | Lair:2   | Received a gift from Okawaru
 12165 | Lair:2   | Reached skill level 12 in Shields
 12177 | Lair:2   | Killed Gastronok
 12312 | Lair:2   | Noticed a six-headed hydra
 12324 | Lair:2   | Killed a one-headed hydra
 12347 | Lair:2   | Reached skill level 10 in Long Blades
 12375 | Lair:2   | Noticed a five-headed hydra
 12381 | Lair:2   | Killed a two-headed hydra
 12466 | Lair:2   | Reached skill level 10 in Maces & Flails
 12665 | Lair:3   | Received a gift from Okawaru
 12929 | Lair:3   | Noticed a seven-headed hydra
 12939 | Lair:3   | Killed a one-headed hydra
 13369 | Lair:4   | Found a staircase to the Snake Pit.
 13544 | Lair:4   | Found a staircase to the Shoals.
 13552 | Lair:4   | Reached XP level 13. HP: 44/117 MP: 9/9
 14099 | Lair:5   | Reached skill level 10 in Armour
 14146 | Lair:5   | Found a frozen archway.
 14172 | IceCv    | Entered an ice cave
 14568 | IceCv    | Got a dazzling mace
 14571 | IceCv    | Got a polished scimitar
 14580 | IceCv    | Identified the cursed +1 scimitar "Dofag" {slice, MR+ Dex+5} (You found it in an ice cave)
 14585 | IceCv    | Identified the cursed +0 mace of True Grit {crush, +Inv Str-5 Dex+2} (You found it in an ice cave)
 14755 | Lair:5   | Found a staircase to the Slime Pits.
 14755 | Lair:5   | Found a viscous altar of Jiyva.
 14953 | Lair:5   | Noticed Josephine
 14963 | Lair:5   | Killed Josephine
 14963 | Lair:5   | Reached skill level 13 in Shields
 15004 | Lair:5   | Received a gift from Okawaru
 15006 | Lair:5   | Reached ****** piety under Okawaru
 15476 | Lair:6   | Entered Level 6 of the Lair of Beasts
 15768 | Orc:1    | Entered Level 1 of the Orcish Mines
 15885 | Orc:1    | Noticed Erolcha
 16063 | Orc:1    | Killed Erolcha
 16327 | Orc:2    | Entered Level 2 of the Orcish Mines
 16758 | Orc:2    | Found Widaus's Food Shop.
 16759 | Orc:2    | Found Xeorgh's Magic Scroll Boutique.
 16778 | Orc:2    | Gained mutation: You resist negative energy. (rN+) [Deep Dwarf growth]
 16778 | Orc:2    | Reached XP level 14. HP: 57/127 MP: 7/7
 16826 | Orc:2    | Gained mutation: You are dopey. (Int -2) [a neqoxec]
 16829 | Orc:2    | Gained mutation: You are frail. (-10% HP) [a neqoxec]
 17021 | Orc:2    | Bought a scroll of acquirement for 728 gold pieces
 17021 | Orc:2    | Bought a scroll of enchant weapon for 105 gold pieces
 17137 | Orc:2    | Noticed an orc warlord
 17201 | Orc:2    | Killed an orc warlord
 17201 | Orc:2    | Received a gift from Okawaru
 17325 | Orc:2    | Found a staircase to the Elven Halls.
 17626 | Orc:2    | Reached skill level 14 in Shields
 17663 | Orc:2    | Gained mutation: You are clumsy. (Dex -2) [a neqoxec]
 17692 | Orc:2    | Found Timpin's Gadget Emporium.
 17692 | Orc:2    | Found Nobar's Antique Armour Shoppe.
 17692 | Orc:2    | Found a one-way gate leading to the halls of Pandemonium.
 18034 | Orc:2    | Bought a scroll of remove curse for 42 gold pieces
 18067 | Orc:2    | Bought a distressingly furry chain mail for 247 gold pieces
 18078 | Orc:2    | Identified the +1 chain mail "Mabbajuo" {rF+ Regen+ rCorr Str+2} (You bought it in a shop on level 2 of the Orcish Mines)
 18563 | Lair:5   | Received a gift from Okawaru
 19109 | Lair:6   | Identified Sif Muna's Almanac of Noxious Evil Rites
 19434 | Lair:6   | HP: 5/117 [death yak (14)]
 19713 | Lair:6   | Reached XP level 15. HP: 36/124 MP: 3/3
 19895 | Lair:6   | HP: 5/124 [catoblepas (2)]
 19988 | Lair:6   | Reached skill level 10 in Fighting
 20597 | D:10     | You paid a toll of a +7 demon whip to enter a treasure trove
 20598 | Trove    | Entered a treasure trove
 20765 | D:13     | Found a white marble altar of Elyvilon.
 20890 | D:13     | Received a gift from Okawaru
 21458 | D:13     | Found Yshroced's Antique Weapon Shop.
 21466 | D:13     | Bought a faintly glowing morningstar for 288 gold pieces
 21467 | D:13     | Identified the +10 morningstar of Guilt {freeze, *Rage rElec MR+++ Str+4} (You bought it in a shop on level 13 of the Dungeon)
 22262 | D:13     | Received a gift from Okawaru
 22427 | D:13     | Found a gate to the Vaults.
 22718 | D:14     | Found Vikel's Gadget Boutique.
 23346 | D:15     | Entered Level 15 of the Dungeon
 23360 | D:15     | Reached skill level 15 in Shields
 23521 | D:15     | Received a gift from Okawaru
 24114 | D:15     | Found a staircase to the Depths.
 24114 | D:15     | Noticed a frost giant
 24126 | D:15     | Killed a frost giant
 24132 | D:15     | Reached XP level 16. HP: 132/132 MP: 4/4
 24137 | D:15     | Received a gift from Okawaru
 25141 | Elf:1    | Entered Level 1 of the Elven Halls
 25312 | Elf:1    | Found a radiant altar of Vehumet.
 25887 | Elf:1    | Found Cuschiar's Jewellery Shoppe.
 25889 | Elf:1    | Found Xiadang's Gadget Shop.
 25890 | Elf:1    | Found Ynaet's Jewellery Shoppe.
 25893 | Elf:1    | Received a gift from Okawaru
 25963 | Elf:1    | Bought the amulet "Migesen" {Gourm rF+ MP-9 Int+4 Dex+5} for 484 gold pieces
 26947 | Elf:2    | Found a large runed door.
 26947 | Elf:2    | Found a large runed door.
 26973 | Elf:2    | Found a large runed door.
 26973 | Elf:2    | Found a large runed door.
 27322 | Elf:2    | Found Pev Kot's Book Shoppe.
 27356 | Elf:2    | Received a gift from Okawaru
 27360 | Elf:2    | Got an ichor-stained dagger {god gift}
 27452 | Elf:2    | HP: 6/136 [acid (8)]
 27823 | Elf:2    | Reached skill level 16 in Shields
 27959 | Elf:2    | Found a roughly hewn altar of Beogh.
 28021 | Elf:2    | Reached skill level 15 in Long Blades
 28184 | Elf:2    | Received a gift from Okawaru
 28278 | Elf:2    | Reached XP level 17. HP: 128/145 MP: 0/5
 28462 | Elf:2    | Noticed a deep elf blademaster
 28664 | Elf:2    | Killed a deep elf blademaster
 28910 | Elf:2    | Received a gift from Okawaru
 29018 | Elf:3    | Entered Level 3 of the Elven Halls
 29209 | Elf:3    | Got a scorched war axe
 29210 | Elf:3    | Identified the +6 war axe "Arghaer" {holy, Int+2} (You found it on level 3 of the Elven Halls)
 29462 | Elf:3    | Reached skill level 15 in Armour
 29878 | Elf:3    | Received a gift from Okawaru
 30100 | Elf:3    | Received a gift from Okawaru
 30152 | Elf:3    | Got an ichor-stained scimitar {god gift}
 30374 | Lair:1   | Identified the +3 scimitar of Resourcefulness {antimagic, +Fly rC+++ Stlth-} (Okawaru gifted it to you on level 3 of the Elven Halls)
 30377 | Lair:1   | Identified the +10 dagger of Prudence {flame, MR+ Dex+4} (Okawaru gifted it to you on level 2 of the Elven Halls)
 30718 | Elf:3    | Noticed an Ice Fiend
 30718 | Elf:3    | Gained mutation: You passively map a large area around you. [Deep Dwarf growth]
 30718 | Elf:3    | Reached XP level 18. HP: 154/154 MP: 0/6
 30859 | Elf:3    | Got a wavering copper ring
 30920 | Elf:3    | Noticed Asterion
 30956 | Elf:3    | Killed Asterion
 31160 | Elf:3    | Reached skill level 17 in Shields
 31162 | Elf:3    | Got a warped sapphire amulet
 31261 | Elf:3    | Received a gift from Okawaru
 31531 | Elf:3    | Identified the Guide on Fetching Arcane Weapons
 31916 | Lair:1   | Identified the ring "Hoxi" {rPois rF+ rC+ MR- Dex+2} (You took it off a deep elf archer on level 3 of the Elven Halls)
 31918 | Lair:1   | Identified the amulet "Arucy" {Faith +Inv +Fly rC+ Str-3} (You took it off a deep elf annihilator on level 3 of the Elven Halls)
 32070 | Snake:1  | Entered Level 1 of the Snake Pit
 33695 | Snake:3  | Got a bloodstained great sword
 33696 | Snake:3  | Identified the +5 great sword of Ukhlyj {freeze, rElec rF- Int+4} (You found it on level 3 of the Snake Pit)
 34280 | Snake:3  | Received a gift from Okawaru
 34289 | Snake:3  | Got a bloodstained falchion {god gift}
 34298 | Snake:3  | Identified the +11 falchion of Calculation {slice, *Rage rPois rF++ SInv} (Okawaru gifted it to you on level 3 of the Snake Pit)
 34386 | Snake:4  | Entered Level 4 of the Snake Pit
 35077 | Snake:4  | Reached XP level 19. HP: 152/164 MP: 0/7
 35107 | Snake:4  | Received a gift from Okawaru
 35736 | Snake:4  | Reached skill level 15 in Fighting
 35763 | Snake:4  | Got a serpentine rune of Zot
 36328 | Shoals:1 | Entered Level 1 of the Shoals
 36365 | Shoals:1 | Reached skill level 18 in Shields
 36535 | Shoals:1 | Found Faeluq's General Store.
 36558 | Shoals:1 | Bought a scroll of identify for 32 gold pieces
 36601 | Shoals:1 | Noticed Kirke
 36636 | Shoals:1 | Killed Kirke
 37354 | Shoals:2 | Noticed Polyphemus
 37497 | Shoals:2 | HP: 1/167 [Polyphemus/large rock (8)]
 37501 | Shoals:2 | Slain by Polyphemus

Skill      XL: |  1  2  3  4  5  6  7  8  9 10 11 12 13 14 15 16 17 18 19 |
---------------+----------------------------------------------------------+-----
Shields        | 4 5 6 7 8 10 11 12 13 14 15 16 17 18 | 18.1
Fighting       | 3 4 5 6 7 8 9 11 12 13 14 15 | 15.3
Dodging        | 1 2 3 4 |  4.6
Long Blades    | 3 4 7 9 10 11 12 14 15 16 17 | 17.3
Armour         | 4 5 6 7 8 9 10 11 12 14 15 16 17 | 17.2
Maces & Flails | 3 5 6 9 10 12 | 12.1
Stealth        | 1 2 3 |  3.0
Invocations    | 2 3 4 |  4.0
Evocations     | 1 2 3 |  3.8

Action                   |  1- 3 |  4- 6 |  7- 9 | 10-12 | 13-15 | 16-18 | 19-21 || total
-------------------------+-------+-------+-------+-------+-------+-------+-------++-------
Melee: Long sword        |   123 |   175 |   162 |   232 |   540 |       |       ||  1232
       Mace              |       |    34 |   227 |   340 |   577 |       |       ||  1178
       Scimitar          |       |       |       |       |     4 |       |       ||     4
       Demon blade       |       |       |       |       |   680 |  2189 |   647 ||  3516
Invok: Heroism           |       |       |       |    13 |    11 |       |       ||    24
       Finesse           |       |       |       |     2 |     1 |       |       ||     3
 Abil: Heal Wounds       |       |     1 |     5 |    16 |    35 |       |       ||    57
Evoke: Wand              |       |       |     4 |    20 |     7 |    11 |     1 ||    43
  Use: Scroll            |       |     5 |    17 |    13 |    23 |    12 |       ||    70
       Potion            |       |     1 |       |     6 |    11 |     4 |       ||    22
 Stab: Distracted        |       |       |       |     1 |       |       |       ||     1
  Eat: Chunk             |       |     8 |    14 |    20 |    29 |    59 |     9 ||   139
       Fruit             |       |       |     1 |     1 |    13 |       |       ||    15
       Royal jelly       |       |       |       |       |     3 |     1 |       ||     4
Armor: Scale mail        |    64 |    10 |       |       |       |       |       ||    74
       Plate armour      |       |   116 |   211 |   251 |    60 |       |       ||   638
       Swamp dragon scal |       |       |       |       |    99 |       |       ||    99
       Crystal plate arm |       |       |       |       |   866 |  1522 |   460 ||  2848
Dodge: Dodged            |    36 |    43 |   111 |   141 |   394 |   319 |    92 ||  1136
Block: Shield            |    61 |   135 |   278 |   390 |   521 |       |       ||  1385
       Buckler           |       |       |       |       |   282 |   722 |   207 ||  1211
       Rpst.: Long sword |    13 |     7 |    10 |    15 |    57 |       |       ||   102
       Scimitar          |       |       |       |       |     1 |       |       ||     1
       Demon blade       |       |       |       |       |    22 |    74 |    12 ||   108
